 Seeded DCSS version 0.30-a0-613-gdd512c7efb (webtiles) character file.

Game seed: 2050236378858804499 (custom seed)

1933 purpskrrrp the Carver (level 9, -10/75 HPs)
             Began as a Merfolk Monk on Jan 8, 2023.
             Was a Believer of Makhleb.
             Mangled by an orc warrior
             ... wielding a +0 trident
              (11 damage)
             ... on level 6 of the Dungeon.
             The game lasted 00:16:14 (7745 turns).

purpskrrrp the Carver (Merfolk Monk)                Turns: 7745, Time: 00:16:15

Health: -10/75     AC:  4    Str:  9    XL:     9   Next: 17%
Magic:  9/9        EV: 15    Int: 10    God:    Makhleb [**....]
Gold:   319        SH: 12    Dex: 20    Spells: 8/8 levels left

rFire   . . .      SeeInvis .    a - +0 falchion
rCold   . . .      Faith    .    u - +2 kite shield
rNeg    . . .      Spirit   .    b - +1 robe
rPois   .          Reflect  .    (no helmet)
rElec   .          Harm     .    e - +0 cloak
rCorr   .          Rampage  .    (no gloves)
Will    .....                    (no boots)
Stlth   ++++                     (no amulet)
HPRegen 0.32/turn                (no ring)
MPRegen 0.11/turn                (no ring)

@: about to teleport
A: (nimble swimmer 2), mertail, robust 1, weak 1
a: Renounce Religion, Minor Destruction


You were on level 6 of the Dungeon.
You worshipped Makhleb.
Makhleb was pleased with you.
You visited 1 branch of the dungeon, and saw 6 of its levels.
You also visited: Sewer.

You collected 319 gold pieces.

Inventory:

Hand Weapons
 a - a +0 falchion (weapon)
Armour
 b - a +1 robe (worn)
 e - a +0 cloak (worn)
 u - a +2 kite shield (worn)
Jewellery
 h - a ring of flight
 i - a ring of magical power
 o - a ring of ice
 w - a ring of resist corrosion
Scrolls
 d - a scroll of vulnerability {unknown}
 g - a scroll of poison
 j - a scroll of silence
 m - a scroll of noise {unknown}
 n - 2 scrolls of identify
 q - a scroll of fog {unknown}
 v - a scroll of amnesia {unknown}
 x - a scroll of magic mapping
 y - a scroll of fear {unknown}
Potions
 k - 2 potions of resistance
 l - 3 potions of flight
 p - 2 potions of invisibility
 r - a potion of degeneration
 s - 3 potions of cancellation


   Skills:
 + Level 6.2 Fighting
 * Level 9.1 Long Blades
 + Level 7.5 Dodging
 + Level 6.1 Stealth
 + Level 3.7 Shields


You had 8 spell levels left.
You didn't know any spells.
Your spell library contained the following spells:

 Spells                   Type           Power      Damage    Failure   Level
 Hailstorm                Conj/Ice       0%         3d3       98%         3
 Ozocubu's Armour         Ice            0%         N/A       98%         3
 Ice Form                 Ice/Tmut       0%         N/A       100%        4
 Simulacrum               Ice/Necr       0%         N/A       100%        6
 Ozocubu's Refrigeration  Ice            0%         4d7       100%        7


Dungeon Overview and Level Annotations

Branches:
Dungeon (6/15)             Temple (0/1) D:5           Sewer (visited)

Altars:
Elyvilon
Kikubaaqudgha
Nemelex Xobeh
Qazlal
Sif Muna
Zin

Shops:
D:3 [*[?!


Innate Abilities, Weirdness & Mutations

((You are very nimble when in or above water. (Stealth+, EV+, Speed+++)))
Your lower body shifts to a powerful aquatic tail in water.
You are robust. (+10% HP)
You are weak. (Str -2)


Message History

The orc warrior hits you with a +0 trident.
* * * LOW HITPOINT WARNING * * *
You completely miss the orc warrior.
The orc warrior is lightly wounded.
The orc warrior closely misses you.
You hit the orc warrior but do no damage.
The orc warrior is lightly wounded.
The orc warrior completely misses you.
You barely miss the orc warrior.
The orc warrior is lightly wounded.
The orc warrior hits you with a +0 trident!
* * * LOW HITPOINT WARNING * * *
You hit the orc warrior.
The orc warrior is lightly wounded.
You block the orc warrior's attack.
You slash the orc warrior!
The orc warrior is heavily wounded.
The orc warrior hits you with a +0 trident!
* * * LOW HITPOINT WARNING * * *
You hit the orc warrior but do no damage.
The orc warrior is heavily wounded.
The orc warrior completely misses you. You block the orc's attack.
You closely miss the orc warrior.
The orc warrior is heavily wounded.
The orc warrior barely misses you. You block the orc's attack.
You hit the orc warrior.
The orc warrior is heavily wounded.
The orc warrior misses you. You block the orc's attack.
You hit the orc warrior.
The orc warrior is heavily wounded.
The orc warrior hits you with a +0 trident.
* * * LOW HITPOINT WARNING * * *
The orc barely misses you.
As you read the scroll of teleportation, it crumbles to dust.
You feel strangely unstable. You block the orc warrior's attack.
The orc misses you.
You closely miss the orc warrior.
The orc warrior is heavily wounded.
The orc warrior hits you with a +0 trident!
You die...

#.#.###.# ##.....o
#.......####8......
###.#..#..#..##......
#....).......###8###⌠
#.#...)......# ######
#.#.##....#..######.#
#.#..o....#..##.o..o.
#.######..#..##.###..
#..o@oo.......#.# #.#
###########.###.# #.#
#..o..# #.# #######
#.# ###


You could see an orc warrior and 2 orcs.

Vanquished Creatures
  Grinder (Sewer)
  Eustachio (D:5)
  Menkaure (D:5)
  An ice beast (D:5)
  An ogre (D:5)
  2 black bears
  A phantom (D:5)
  2 kobold brigands
  2 scorpions
  A vampire bat (D:5)
  2 quasits (Sewer)
  A hound (D:4)
  2 orc priests (D:6)
  Crazy Yiuf (D:4)
  A gnoll bouda (D:6)
  2 orc wizards (D:6)
  Jessica (D:3)
  Ijyb (D:4)
  2 iguanas (D:5)
  5 gnolls (D:6)
  4 adders
  5 shadow imps (Sewer)
  An ufetubus (Sewer)
  8 worms
  2 dart slugs
  3 fire bats (D:5)
  6 orcs
  A spectral bat (D:5)
  10 ball pythons
  17 bats
  3 bat skeletons (D:5)
  2 bat zombies
  6 endoplasms
  3 giant cockroaches
  7 goblins
  11 hobgoblins
  4 quokkas
  A bat simulacrum (D:5)
  2 frilled lizards (D:3)
  29 kobolds
  6 rats
162 creatures vanquished.

Notes
Turn   | Place    | Note
-------+----------+-------------------------------------------
     0 | D:1      | purpskrrrp the Merfolk Monk began the quest for the Orb.
     0 | D:1      | Reached XP level 1. HP: 18/18 MP: 1/1
   186 | D:1      | Reached XP level 2. HP: 23/24 MP: 2/2
   261 | D:1      | Found a faded altar of an unknown god.
   263 | D:1      | Reached skill level 4 in Long Blades
   891 | D:1      | Reached XP level 3. HP: 22/29 MP: 3/3
  1445 | D:2      | Found a sparkling altar of Nemelex Xobeh.
  1789 | D:2      | Gained mutation: You are weak. (Str -2) [potion of
                  | mutation]
  1789 | D:2      | Gained mutation: You are robust. (+10% HP) [potion of
                  | mutation]
  1830 | D:3      | Noticed Jessica
  1838 | D:3      | Killed Jessica
  1839 | D:3      | Reached XP level 4. HP: 31/40 MP: 4/4
  2115 | D:3      | Found Jusuebe's Distillery.
  2127 | D:3      | Found Hekhlu Weij's Magic Scroll Shoppe.
  2185 | D:3      | Reached skill level 5 in Long Blades
  2211 | D:3      | Found Ceocoff's Antique Armour Emporium.
  2216 | D:3      | Found Cifuh's Assorted Antiques.
  2321 | D:3      | Found Noihech's Armour Shop.
  2581 | D:4      | Found a stormy altar of Qazlal.
  2628 | D:4      | Found a shimmering blue altar of Sif Muna.
  2751 | D:4      | Reached XP level 5. HP: 46/46 MP: 5/5
  2835 | D:4      | Noticed Ijyb
  2852 | D:4      | Killed Ijyb
  3010 | D:4      | Noticed a black bear
  3045 | D:4      | Reached skill level 5 in Dodging
  3051 | D:4      | Killed a black bear
  3052 | D:4      | Reached XP level 6. HP: 31/53 MP: 6/6
  3334 | D:4      | Found a glowing silver altar of Zin.
  3376 | D:4      | Found a white marble altar of Elyvilon.
  3550 | D:4      | Found a runed translucent door.
  3551 | D:4      | Noticed Crazy Yiuf
  3562 | D:4      | Killed Crazy Yiuf
  3563 | D:4      | Reached skill level 6 in Long Blades
  3742 | D:5      | Entered Level 5 of the Dungeon
  3856 | D:5      | Noticed a black bear
  3858 | D:5      | Found a staircase to the Ecumenical Temple.
  3870 | D:5      | Killed a black bear
  3880 | D:5      | Reached skill level 1 in Shields
  3880 | D:5      | Reached XP level 7. HP: 8/60 MP: 7/7
  3968 | D:5      | Found a glowing drain.
  3995 | Sewer    | Entered a sewer
  4498 | Sewer    | Found a burning altar of Makhleb.
  4751 | Sewer    | Noticed Grinder
  4770 | Sewer    | Paralysed by Grinder for 2 turns
  4773 | Sewer    | Paralysed by Grinder for 4 turns
  4778 | Sewer    | Killed Grinder
  4779 | Sewer    | Reached skill level 5 in Fighting
  4779 | Sewer    | Reached skill level 7 in Long Blades
  4913 | Sewer    | Reached XP level 8. HP: 48/68 MP: 8/8
  5000 | Sewer    | Became a worshipper of Makhleb the Destroyer
  5000 | Sewer    | Reached * piety under Makhleb
  5000 | Sewer    | Reached ** piety under Makhleb
  5053 | D:5      | Reached skill level 5 in Stealth
  5100 | D:5      | Found a sparkling altar of Nemelex Xobeh.
  5188 | D:5      | Noticed Eustachio
  5663 | D:5      | Found an ancient bone altar of Kikubaaqudgha.
  5666 | D:5      | Noticed Menkaure
  5680 | D:5      | Killed Menkaure
  5957 | D:5      | Reached skill level 8 in Long Blades
  6112 | D:5      | Killed Eustachio
  6850 | D:5      | Reached XP level 9. HP: 8/75 MP: 9/9
  6858 | D:5      | HP: 3/75 [iguana (1)]
  7285 | D:6      | Reached skill level 9 in Long Blades
  7739 | D:6      | HP: 2/75 [orc warrior/+0 trident (14)]
  7745 | D:6      | Mangled by an orc warrior

Illustrated notes

Levels and vault maps discovered:
D:1:      lightli_arrival_maybe_door_vault, layout_basic,
          shapermc_ecumenical_altar_pompeii, chequers_serial_rivers_micro_e,
          minmay_shallow_snake_nest
D:2:      layout_basic, basic_altar, minivault_26, hangedman_decor_points,
          kennysheep_nub, feat_on_display
D:3:      layout_basic, serial_shops, nicolae_diamond_shop, nicolae_square_shop,
          shop, shop, shop, uniq_jessica
D:4:      minmay_opposing_rooms, layout_basic, mainiacjoe_overflow_boulevard,
          mainiacjoe_overflow_24_doors, mainiacjoe_overflow_chevrons,
          kennysheep_little_box, amcnicky_mini_pool_small,
          uniq_crazy_yiuf_cottage, uniq_ijyb
D:5:      layout_loops_ring, lemuel_doored_altar, general_overflow_altar,
          minmay_temple_entry_tees, cheibrodos_sewer_entry_bend, goddamned_bats,
          uniq_menkaure, uniq_eustachio
D:6:      layout_basic, serial_corexii_hall, corexii_hall_statues_deadend,
          corexii_hall_statues_s, nicolae_fountain_basement, uniq_sigmund

Skill      XL: |  1  2  3  4  5  6  7  8  9 |
---------------+----------------------------+-----
Long Blades    | 4 5 6 7 8 9 |  9.1
Stealth        | 3 4 5 6 |  6.1
Fighting       | 4 5 6 |  6.2
Dodging        | 5 6 7 |  7.5
Shields        | 1 2 3 |  3.7

Action                   |  1- 3 |  4- 6 |  7- 9 || total
-------------------------+-------+-------+-------++-------
Melee: Falchion          |    99 |   140 |   445 ||   684
       Punch             |     3 |       |       ||     3
       Tailslap          |       |       |     3 ||     3
Evoke: Wand              |       |       |     5 ||     5
  Use: Scroll            |     6 |     5 |    13 ||    24
       Potion            |     1 |     4 |     9 ||    14
 Stab: Sleeping          |     6 |     5 |     8 ||    19
Armor: Robe              |    15 |    23 |   105 ||   143
Dodge: Dodged            |    84 |    84 |   373 ||   541
Block: Kite shield       |       |    10 |   314 ||   324

Table legend: (Time is in decaauts)
 A = Elapsed time spent in this place.
 B = Non-inter-level travel time spent in this place.
 C = Inter-level travel time spent in this place.
 D = Time resting spent in this place.
 E = Time spent auto-exploring this place.
 F = Levels seen in this place.
 G = Mean time per level.
                   A        B        C        D        E       F      G
               +--------+--------+--------+--------+--------+-----+--------+
         Total |   7729 |   7311 |    418 |   1837 |   3843 |   7 | 1104.1 |
       Dungeon |   6718 |   6300 |    418 |   1475 |   3489 |   6 | 1119.7 |
         Sewer |   1011 |   1011 |      0 |    362 |    353 |   1 | 1011.0 |
               +--------+--------+--------+--------+--------+-----+--------+

Top non-repeatable levels by time:
     D:5: 2353 daAuts
     D:4: 1258 daAuts
   Sewer: 1011 daAuts
     D:1: 983 daAuts
     D:2: 852 daAuts
     D:3: 745 daAuts
     D:6: 524 daAuts
